 Dungeon Crawl Stone Soup version 0.31.0 (webtiles) character file.

Game seed: 4723963310697013281

141 qw the Shooter (level 5, -2/32 HPs)
             Began as a Gargoyle Hunter on Jan 19, 2024.
             Slain by a wight
             ... wielding a +0 mace of protection
              (3 damage)
             ... on level 4 of the Dungeon.
             The game lasted 00:00:07 (2168 turns).

qw the Shooter (Gargoyle Hunter)                    Turns: 2168, Time: 00:00:08

Health: -2/32      AC:  9    Str: 15    XL:     5   Next: 24%
Magic:  0/5        EV: 11    Int:  9    God:
Gold:   39         SH:  0    Dex: 15    Spells: 4/4 levels left

rFire   . . .        a - +0 shortbow
rCold   . . .        (shield currently unavailable)
rNeg    + . .        e - +0 ring mail
rPois   inf          (no helmet)
rElec   +            (no cloak)
rCorr   .            (no gloves)
SInv    .            (no boots)
Will    .....        f - amulet of guardian spirit
Stlth   +            (no ring)
HPRegen 0.25/turn    (no ring)
MPRegen 0.09/turn

%: guardian spirit
@: no status effects
A: sickness immunity, AC +4, negative energy resistance 1, electricity
resistance, torment resistance 1, petrification resistance
a: no special abilities


You were on level 4 of the Dungeon.
You visited 1 branch of the dungeon, and saw 4 of its levels.

You collected 39 gold pieces.


Innate Abilities, Weirdness & Mutations

You are immune to sickness and miasma.
Your stone body is resilient. (AC +4)
You are immune to poison.
You resist negative energy. (rN+)
You are resistant to electric shocks. (rElec)
You are resistant to unholy torment.
You are immune to petrification.


   Skills:
 - Level 3.0 Fighting
 + Level 5.7 Ranged Weapons
 - Level 1.7 Armour
 - Level 1.5 Dodging
 - Level 1.1 Stealth


You had 4 spell levels left.
You didn't know any spells.
Your spell library was empty.

Inventory:

Hand Weapons
 a - a +0 shortbow (weapon)
Armour
 e - a +0 ring mail (worn)
Jewellery
 f - an amulet of guardian spirit (around neck)
Wands
 b - a wand of mindburst (7)
Potions
 c - a potion of ambrosia {unknown}
 d - a potion of degeneration {unknown}
 g - a potion of curing {unknown}
 i - a potion of heal wounds {unknown}

Dungeon Overview and Level Annotations

Branches:
Dungeon (4/15)
 Temple: D:4-7

Altars:

Shops:
D:1 =


Message History

The wight closely misses you.
You shoot an arrow.
The arrow hits the wight but does no damage.
The wight is moderately damaged.
The wight closely misses you.
You shoot an arrow. The arrow barely misses the wight.
The wight barely misses you.
You shoot an arrow. The arrow closely misses the wight.
The wight hits you with a +0 mace of protection. x2
You shoot an arrow. The arrow barely misses the wight.
The wight barely misses you.
You shoot an arrow. The arrow hits the wight!
The wight is heavily damaged.
The wight hits you with a +0 mace of protection.
You shoot an arrow. The arrow closely misses the wight.
The wight hits you but does no damage.
You shoot an arrow.
The arrow hits the wight but does no damage.
The wight is heavily damaged.
The wight hits you with a +0 mace of protection!
You shoot an arrow.
The arrow hits the wight but does no damage.
The wight is heavily damaged.
The wight hits you with a +0 mace of protection!
The wight barely misses you.
You shoot an arrow. The arrow hits the wight.
The wight is severely damaged.
The wight barely misses you.
You shoot an arrow. The arrow barely misses the wight.
The wight hits you with a +0 mace of protection!
You shoot an arrow. The arrow hits the wight.
The wight is almost destroyed.
The wight barely misses you.
You shoot an arrow.
The arrow hits the wight but does no damage.
The wight is almost destroyed.
The wight hits you with a +0 mace of protection.
You shoot an arrow. The arrow closely misses the wight.
The wight hits you with a +0 mace of protection.
You die...

#######
#####.#...#
#.......#.#
#.##..#.#.#
#..<.#.#
#..#.#@#
#..#.#.z......
......#........
.##.#.##......##
# .... .......#
.#.#. ##.....#
.#.#. .?...#
######


You could see a wight.

Vanquished Creatures
  A bombardier beetle (D:3)
  A gnoll (D:1)
  3 adders
  3 dart slugs (D:3)
  An orc (D:3)
  9 bats
  7 endoplasms
  A giant cockroach (D:1)
  4 goblins
  5 hobgoblins
  4 jackals
  2 quokkas (D:2)
  6 ball pythons
  8 frilled lizards
  7 kobolds
  5 rats
67 creatures vanquished.

Notes
Turn   | Place    | Note
-------+----------+-------------------------------------------
     0 | D:1      | qw the Gargoyle Hunter began the quest for the Orb.
     0 | D:1      | Reached XP level 1. HP: 12/12 MP: 1/1
     0 | D:1      | 0 ||| qw: Version: 0.3-a-132-g3d54051
     0 | D:1      | 0 ||| qw: Game counter: 389
     0 | D:1      | 0 ||| qw: Melee chars always use a shield: true
     0 | D:1      | 0 ||| qw: God list: Okawaru
     0 | D:1      | 0 ||| qw: Allow faded altars: false
     0 | D:1      | 0 ||| qw: Do Orc after clearing Dungeon:15 true
     0 | D:1      | 0 ||| qw: Do second Lair branch before Depths: true
     0 | D:1      | 0 ||| qw: Lair rune preference: random
     0 | D:1      | 0 ||| qw: Goals: Normal
     0 | D:1      | 0 ||| PLANNING D:1-11
   170 | D:1      | Reached XP level 2. HP: 8/17 MP: 2/2
   305 | D:1      | Found Quoraucke's Jewellery Boutique.
   310 | D:1      | 310 ||| SHOPLISTING amulet of the acrobat (390 gold, have
                  | 0).
   310 | D:1      | 310 ||| SHOPLISTING ring "Katulan" {Ice *Corrode Will+
                  | Dex+3} (497 gold, have 0).
   310 | D:1      | 310 ||| SHOPLISTING ring of Mimnagan {rC++ rCorr Dex+6}
                  | (859 gold, have 0).
   310 | D:1      | 310 ||| SHOPLISTING ring of positive energy (260 gold, have
                  | 0).
   310 | D:1      | 310 ||| SHOPLISTING ring of resist corrosion (260 gold,
                  | have 0).
   310 | D:1      | 310 ||| SHOPLISTING ring of willpower (325 gold, have 0).
   327 | D:1      | Reached XP level 3. HP: 21/21 MP: 3/3
   367 | D:1      | Reached skill level 5 in Ranged Weapons
   994 | D:1      | 994 ||| UPGRADING to amulet of guardian spirit.
   999 | D:1      | 999 ||| READING scroll labelled LANUACL BENA.
   999 | D:1      | 999 ||| IDENTIFYING sapphire potion
  1000 | D:1      | 1000 ||| READING scroll labelled BAYHIRI CADA.
  1001 | D:1      | 1001 ||| DROPPING scroll of butterflies.
  1002 | D:1      | 1002 ||| DROPPING potion of lignification.
  1082 | D:2      | Reached skill level 3 in Fighting
  1308 | D:2      | Reached XP level 4. HP: 28/28 MP: 4/4
  1691 | D:2      | 1691 ||| UPGRADING to +0 ring mail.
  1701 | D:2      | 1701 ||| DROPPING +0 leather armour.
  1702 | D:2      | 1702 ||| DROPPING ring of wizardry.
  1703 | D:2      | 1703 ||| READING scroll of identify.
  1703 | D:2      | 1703 ||| IDENTIFYING purple potion
  1704 | D:2      | 1704 ||| READING scroll labelled LENEDA DOQUAN.
  1704 | D:2      | 1704 ||| ENCHANTING +0 shortbow.
  1705 | D:2      | 1705 ||| DROPPING potion of attraction.
  1734 | D:3      | Reached skill level 1 in Armour
  1870 | D:3      | Reached XP level 5. HP: 32/32 MP: 5/5
  2107 | D:3      | 2107 ||| READING scroll labelled TUAFEPHEHU.
  2136 | D:4      | 2136 ||| PLANNING SEWER
  2165 | D:4      | HP: 5/32 [wight/+0 mace of protection (6)]
  2167 | D:4      | HP: 1/32 [wight/+0 mace of protection (4)]
  2168 | D:4      | Slain by a wight

Levels and vault maps discovered:
D:1:      nagdon_arrival_double_spiral, layout_loops_corners, serial_shops, shop
D:2:      layout_loops_ring
D:3:      layout_basic
D:4:      layout_basic, yredelemnul_altar_generic, cheibrodos_sewer_entry_bend,
          uniq_crazy_yiuf_cottage

Skill      XL: |  1  2  3  4 |
---------------+-------------+-----
Ranged Weapons | 5 |  5.7
Fighting       | 3 |  3.0
Armour         | 1 |  1.7
Dodging        | |  1.5
Stealth        | |  1.1

Action                     |  1- 3 |  4- 6 || total
---------------------------+-------+-------++-------
   Fire: Shortbow          |   130 |    98 ||   228
    Use: Scroll            |     2 |     3 ||     5
 Armour: Leather armour    |    28 |       ||    28
         Ring mail         |       |    16 ||    16
  Dodge: Dodged            |    27 |    22 ||    49

Table legend:
 A = Non-vault XP
 B = Vault XP
 C = Vault XP percentage of total XP
 D = Non-vault monster count
 E = Vault monster count
 F = Vault count percentage of total count
                 A         B        C        D         E       F
            +---------+---------+-------+---------+---------+-------
      Total |     202 |       0 |   0.0 |      67 |       0 |   0.0
            +---------+---------+-------+---------+---------+-------
        D:1 |      66 |       0 |   0.0 |      34 |       0 |   0.0
        D:2 |      44 |       0 |   0.0 |      13 |       0 |   0.0
        D:3 |      92 |       0 |   0.0 |      20 |       0 |   0.0
            +---------+---------+-------+---------+---------+-------
